 Dungeon Crawl Stone Soup version 0.31-a0-875-g02e7d12df6 (webtiles) character file.

Game seed: 12817595364811314094

2054 Azuregosa the Cudgeller (level 9, -3/61 HPs)
             Began as a Djinni Delver on Oct 12, 2023.
             Was an Elder of Fedhas.
             Slain by an ogre
             ... wielding a +0 giant club
              (27 damage)
             ... on level 6 of the Dungeon.
             The game lasted 00:20:07 (5199 turns).

Azuregosa the Cudgeller (Djinni Delver)             Turns: 5199, Time: 00:20:07

Health: -3/61      AC: 13    Str: 15    XL:     9   Next: 49%
Gold:   365        EV: 12    Int: 14    God:    Fedhas [****..] SH:  0 Dex: 15

rFire   + + .        j - +5 great mace "Kuseahock" {protect, Int+2}
rCold   x . .        (shield currently unavailable)
rNeg    . . .        a - +0 leather armour
rPois   ∞            (no helmet)
rElec   .            y - +2 cloak
rCorr   .            (no gloves)
SInv    .            (boots unavailable)
Will    .....        (no amulet)
Stlth   ++           t - ring of wizardry
HPRegen 0.30/turn    J - ring of wizardry
MPRegen 0.00/turn

%: wizardry (x2), infuse magic (-4 HP)
@: weak-willed, under a protective aura, jinxed, flying
A: sickness immunity, fire resistance 2, cold vulnerability 1, float, innate
caster, HP casting, extra vitality 1
a: Renounce Religion, Wall of Briars, Grow Ballistomycete, Overgrow


You were on level 6 of the Dungeon.
You worshipped Fedhas.
Fedhas was greatly pleased with you.
You visited 2 branches of the dungeon, and saw 7 of its levels.

You collected 365 gold pieces.

Inventory:

Hand Weapons
 j - the +5 great mace "Kuseahock" (weapon) {protect, Int+2}
   (You found it on level 3 of the Dungeon)

   Int+2:     It affects your intelligence (+2).
 k - a +0 flail of protection
 x - a +3 quarterstaff of chaos
 z - a +1 hammer of protection
 C - a +1 orcbow of flaming
 D - a +0 antimagic short sword
 G - the +0 whip "Ycraza" {venom, Dex+2 Stlth+}
   (You found it on level 4 of the Dungeon)

   Dex+2:     It affects your dexterity (+2).
   Stlth+:    It makes you more stealthy.
Missiles
 u - 13 poisoned darts
 L - a throwing net
Armour
 a - a +0 leather armour (worn)
 y - a +2 cloak (worn)
Jewellery
 t - a ring of wizardry (left hand)
 J - a ring of wizardry (right hand)
Talismans
 A - a flux talisman
Wands
 f - a wand of digging (3)
 M - a wand of roots (4)
Scrolls
 b - a scroll of fog
 d - a scroll of fear
 g - 2 scrolls of silence {unknown}
 m - 2 scrolls of immolation {unknown}
 n - a scroll of poison
 p - 2 scrolls of enchant weapon {unknown}
 q - a scroll of enchant armour
 r - a scroll of brand weapon
 s - a scroll of noise
 E - 2 scrolls of teleportation
 H - a scroll of torment
Potions
 c - 4 potions of brilliance {unknown}
 e - 3 potions of haste
 h - 2 potions of heal wounds {unknown}
 i - 2 potions of enlightenment {unknown}
 l - a potion of attraction {unknown}
 o - a potion of might
 v - a potion of cancellation {unknown}
 w - 2 potions of lignification {unknown}
 B - a potion of invisibility {unknown}
 F - a potion of curing {unknown}
 I - a potion of resistance {unknown}
 K - a potion of mutation {unknown}


   Skills:
 - Level 3.2 Fighting
 + Level 6.7 Maces & Flails
 - Level 2.5 Dodging
 - Level 4.2 Stealth
 - Level 2.3 Unarmed Combat
 + Level 5.9 Spellcasting
 + Level 5.9 Conjurations
 + Level 5.9 Hexes
   Level 0.0 Charms
 + Level 5.9 Summonings
 + Level 5.9 Necromancy
 + Level 5.9 Translocations
 + Level 5.9 Transmutations
 + Level 5.9 Fire Magic
 + Level 5.9 Ice Magic
 + Level 5.9 Air Magic
 + Level 5.9 Earth Magic
 + Level 5.9 Poison Magic


You knew the following spells:

 Your Spells              Type           Power      Damage    Failure   Level
a - Sandblast             Erth           40%        2d10      1%          1
b - Passwall              Tmut/Erth      16%        N/A       1%          2
c - Jinxbite              Hex            40%        N/A       1%          2
d - Mephitic Cloud        Conj/Pois/Air  20%        N/A       1%          3
Your spell library was empty.

Dungeon Overview and Level Annotations

Branches:
Dungeon (6/15)             Temple (1/1) D:6

Altars:
Ashenzari
Cheibriados
Dithmenos
Elyvilon
Fedhas
Gozag
Makhleb
Qazlal
Ru
Wu Jian
Yredelemnul
The Shining One


Innate Abilities, Weirdness & Mutations

You are immune to sickness and miasma.
You are immune to poison.
Your flesh is very heat resistant. (rF++)
You are vulnerable to cold. (rC-)
You float through the air rather than walking.
You learn spells naturally, not from books.
Your magical power is your life essence.
You have superior vitality. (+4 MHP)


Message History

You hear a shout!
The orc wizard is engulfed in noxious fumes.
The orc wizard appears confused.
The orc wizard hits you but does no damage.
An ogre comes into view. It is wielding a +0 giant club.
Items here: $ ) [ †.
You barely miss the orc wizard.
The orc wizard is engulfed in noxious fumes.
The orc wizard appears confused.
The orc wizard misses you.
You hit the orc wizard but do no damage.
Your weapon exudes an aura of protection.
The orc wizard is engulfed in noxious fumes.
The orc wizard appears confused.
The orc wizard wonders, "What am I doing in here?"
The orc wizard hits you but does no damage.
The orc wizard is engulfed in noxious fumes.
The orc wizard appears confused.
The orc wizard splashes around in the water.
You hit the orc wizard.
The orc wizard is lightly wounded.
The orc wizard splashes around in the water.
You bludgeon the orc wizard!!
You kill the orc wizard!
Fedhas appreciates your contribution to the ecosystem.
You hear a splash. x2
Casting: Mephitic Cloud (safe; 1% risk of failure)
Confirm with . or Enter, or press ? or * to list all spells.
You beckon some vexing sprites to accompany your attacks.
You feel your willpower being sapped. The ogre attacks as it pursues you!
The ogre hits you with a +0 giant club.
Casting: Jinxbite (safe; 1% risk of failure)
Confirm with . or Enter, or press ? or * to list all spells.
You beckon more vexing sprites to accompany your attacks.
You feel your willpower being sapped. The ogre hits you with a +0 giant club!
You thump the ogre!
Your weapon exudes an aura of protection.
The ogre is moderately wounded.
The ogre hits you with a +0 giant club!!
You die...
Fedhas appreciates your contribution to the ecosystem.

#.~≈~....#
'.#.~≈~....#
#o###≈~....#
#########...#~~P...#
........#...#≈~....#
~≈~~≈~~~#####~~....#
≈~~≈≈≈~≈≈≈≈≈≈≈~....#
~~~~≈~)≈~≈~~~~~...P#
.......)O@.........#
####################


You could see an ogre.

Vanquished Creatures
  Sigmund (D:4)
  A vampire (D:5)
  A steam dragon (D:5)
  2 water moccasins
  A black bear (D:6)
  An ogre (D:4)
  A kobold brigand (D:6)
  A scorpion (D:5)
  A gnoll sergeant (D:6)
  9 howler monkeys (D:6)
  6 hounds
  A jelly (D:6)
  Crazy Yiuf (D:3)
  A gnoll bouda (D:5)
  3 iguanas
  4 orc wizards
  4 gnolls (D:5)
  9 adders
  An ufetubus (D:5)
  2 worms
  2 dart slugs
  18 orcs
  6 bats
  9 endoplasms
  2 giant cockroaches
  12 goblins
  6 hobgoblins
  2 jackals (D:3)
  10 kobolds
  4 quokkas
  4 ball pythons
  2 frilled lizards (D:1)
  9 rats
137 creatures vanquished.

Vanquished Creatures (collateral kills)
  A hound (D:6)
1 creature vanquished.

Grand Total: 138 creatures vanquished

Notes
Turn   | Place    | Note
-------+----------+-------------------------------------------
     0 | D:5      | Azuregosa the Djinni Delver began the quest for the Orb.
     0 | D:5      | Reached XP level 1. HP: 20/20 MP: 0/0
    12 | D:5      | Found a blossoming altar of Fedhas.
    15 | D:5      | Became a worshipper of Fedhas Madash
   138 | D:4      | Reached XP level 2. HP: 24/25 MP: 0/0
   182 | D:3      | Found a basalt altar of Yredelemnul.
   275 | D:3      | Identified the +5 great mace "Kuseahock" {protect, Int+2}
   289 | D:2      | Reached XP level 3. HP: 30/30 MP: 0/0
   289 | D:2      | Learned a level 1 spell: Sandblast
   645 | D:1      | Reached * piety under Fedhas
  1003 | D:1      | Reached skill level 1 in Maces & Flails
  1062 | D:1      | Reached XP level 4. HP: 35/35 MP: 0/0
  1146 | D:1      | Reached skill level 1 in Spellcasting
  1146 | D:1      | Reached skill level 1 in Conjurations
  1146 | D:1      | Reached skill level 1 in Hexes
  1146 | D:1      | Reached skill level 1 in Summonings
  1146 | D:1      | Reached skill level 1 in Necromancy
  1146 | D:1      | Reached skill level 1 in Translocations
  1146 | D:1      | Reached skill level 1 in Transmutations
  1146 | D:1      | Reached skill level 1 in Fire Magic
  1146 | D:1      | Reached skill level 1 in Ice Magic
  1146 | D:1      | Reached skill level 1 in Air Magic
  1146 | D:1      | Reached skill level 1 in Earth Magic
  1146 | D:1      | Reached skill level 1 in Poison Magic
  2240 | D:3      | Reached ** piety under Fedhas
  2251 | D:3      | Found an opulent altar of Gozag.
  2282 | D:3      | Reached XP level 5. HP: 40/40 MP: 0/0
  2282 | D:3      | Learned a level 2 spell: Passwall
  2403 | D:3      | Found a faded altar of an unknown god.
  2601 | D:3      | Found a runed translucent door.
  2602 | D:3      | Noticed Crazy Yiuf
  2614 | D:3      | Killed Crazy Yiuf
  2615 | D:3      | Reached skill level 2 in Maces & Flails
  2819 | D:3      | Found a glowing golden altar of the Shining One.
  3056 | D:4      | Found a shadowy altar of Dithmenos.
  3071 | D:4      | Noticed an ogre
  3114 | D:4      | Reached XP level 6. HP: 46/46 MP: 0/0
  3477 | D:4      | Noticed Sigmund
  3486 | D:4      | Killed Sigmund
  3487 | D:4      | Reached skill level 3 in Maces & Flails
  3487 | D:4      | Reached XP level 7. HP: 44/50 MP: 0/0
  3487 | D:4      | Learned a level 2 spell: Jinxbite
  3497 | D:4      | Identified the +0 whip "Ycraza" {venom, Dex+2 Stlth+}
  4014 | D:5      | Reached *** piety under Fedhas
  4063 | D:5      | Reached skill level 4 in Maces & Flails
  4072 | D:5      | Noticed a vampire
  4144 | D:5      | Killed a vampire
  4145 | D:5      | Reached XP level 8. HP: 47/56 MP: 0/0
  4456 | D:5      | Reached skill level 5 in Maces & Flails
  4763 | D:6      | Found a staircase to the Ecumenical Temple.
  4775 | Temple   | Entered the Ecumenical Temple
  4784 | D:6      | Found an ornate altar of the Wu Jian Council.
  4790 | D:6      | Reached skill level 5 in Spellcasting
  4790 | D:6      | Reached skill level 5 in Conjurations
  4790 | D:6      | Reached skill level 5 in Hexes
  4790 | D:6      | Reached skill level 5 in Summonings
  4790 | D:6      | Reached skill level 5 in Necromancy
  4790 | D:6      | Reached skill level 5 in Translocations
  4790 | D:6      | Reached skill level 5 in Transmutations
  4790 | D:6      | Reached skill level 5 in Fire Magic
  4790 | D:6      | Reached skill level 5 in Ice Magic
  4790 | D:6      | Reached skill level 5 in Air Magic
  4790 | D:6      | Reached skill level 5 in Earth Magic
  4790 | D:6      | Reached skill level 5 in Poison Magic
  4820 | D:6      | Reached XP level 9. HP: 61/61 MP: 0/0
  4820 | D:6      | Learned a level 3 spell: Mephitic Cloud
  4834 | D:6      | Reached skill level 6 in Maces & Flails
  4929 | D:6      | Reached **** piety under Fedhas
  5100 | D:6      | Noticed a kobold demonologist
  5199 | D:6      | Slain by an ogre

Illustrated notes

Levels and vault maps discovered:
D:1:      co_arrival_random_square_maze, layout_basic
D:2:      layout_basic
D:3:      layout_loops_ring, nicolae_tso_swordbearing_angel,
          nicolae_gozag_seed_capital, lemuel_round_altar,
          ebering_ecumenical_altar_sacrificial, minivault_26, hex_medium,
          uniq_crazy_yiuf_cottage
D:4:      layout_basic, mainiacjoe_overflow_paths, uniq_sigmund
D:5:      layout_basic, kennysheep_mini_moat, grunt_decor_arrowhead
D:6:      lemuel_castle_with_subvaults [lemuel_castle_interior_carwin_1],
          layout_loops_cross, amcnicky_altar_gilded, lemuel_crystal_altar,
          minmay_temple_entry_slanted, serial_glass, glass_columns_b,
          glass_columns_c, glass_columns_a
Temple:   nicolae_temple_bog_church

Skill      XL: |  1  2  3  4  5  6  7  8  9 |
---------------+----------------------------+-----
Maces & Flails | 1 2 3 4 5 6 |  6.7
Spellcasting   | 1 2 3 5 |  5.9
Conjurations   | 1 2 3 5 |  5.9
Hexes          | 1 2 3 5 |  5.9
Summonings     | 1 2 3 5 |  5.9
Necromancy     | 1 2 3 5 |  5.9
Translocations | 1 2 3 5 |  5.9
Transmutations | 1 2 3 5 |  5.9
Fire Magic     | 1 2 3 5 |  5.9
Ice Magic      | 1 2 3 5 |  5.9
Air Magic      | 1 2 3 5 |  5.9
Earth Magic    | 1 2 3 5 |  5.9
Poison Magic   | 1 2 3 5 |  5.9
Fighting       | |  3.2
Dodging        | |  2.5
Stealth        | |  4.2
Unarmed Combat | |  2.3

Action                     |  1- 3 |  4- 6 |  7- 9 || total
---------------------------+-------+-------+-------++-------
  Melee: Unarmed           |    50 |       |       ||    50
         Great mace        |    49 |    96 |   153 ||   298
   Cast: Sandblast         |       |    10 |    14 ||    24
         Jinxbite          |       |       |     3 ||     3
         Mephitic Cloud    |       |       |     1 ||     1
 Invoke: Wall of Briars    |       |       |     1 ||     1
    Use: Scroll            |     1 |       |     8 ||     9
   Stab: Sleeping          |     8 |     9 |     9 ||    26
         Distracted        |       |     1 |       ||     1
 Armour: Leather armour    |    66 |    65 |   142 ||   273
  Dodge: Dodged            |    89 |    75 |   152 ||   316

Table legend: (Time is in decaauts)
 A = Elapsed time spent in this place.
 B = Non-inter-level travel time spent in this place.
 C = Inter-level travel time spent in this place.
 D = Time resting spent in this place.
 E = Time spent auto-exploring this place.
 F = Levels seen in this place.
 G = Mean time per level.
                   A        B        C        D        E       F      G
               +--------+--------+--------+--------+--------+-----+--------+
         Total |   5370 |   5224 |    146 |    592 |   2889 |   7 |  767.1 |
       Dungeon |   5369 |   5223 |    146 |    592 |   2889 |   6 |  894.8 |
        Temple |      1 |      1 |      0 |      0 |      0 |   1 |    1.0 |
               +--------+--------+--------+--------+--------+-----+--------+

Top non-repeatable levels by time:
     D:4: 1145 daAuts
     D:1: 1144 daAuts
     D:3: 886 daAuts
     D:5: 875 daAuts
     D:2: 815 daAuts
     D:6: 502 daAuts
  Temple: 1 daAuts
